 Dungeon Crawl Stone Soup version 0.31-a0-237-g2d982f9f85 (webtiles) character file.

Game seed: 7089967163024580321

56 qw the Shooter (level 3, 0/21 HPs)
             Began as a Gargoyle Hexslinger on July 10, 2023.
             Slain by a worm (9 damage)
             ... on level 2 of the Dungeon.
             The game lasted 00:00:25 (687 turns).

qw the Shooter (Gargoyle Hexslinger)                 Turns: 687, Time: 00:00:25

Health: 0/21       AC:  8    Str: 11    XL:     3   Next: 95%
Magic:  4/4        EV: 10    Int: 13    God:
Gold:   44         SH:  0    Dex: 14    Spells: 3/4 levels left

rFire   . . .        Y - +1 sling
rCold   . . .        (no shield)
rNeg    + . .        h - +0 ring mail
rPois   inf          (no helmet)
rElec   +            (no cloak)
rCorr   .            (no gloves)
SInv    .            (no boots)
Will    .....        (no amulet)
Stlth   +            (no ring)
HPRegen 0.23/turn    (no ring)
MPRegen 0.09/turn

%: no passive effects
@: no status effects
A: sickness immunity, AC +3, negative energy resistance 1, electricity
resistance, torment resistance 1, petrification resistance
a: no special abilities


You were on level 2 of the Dungeon.
You visited 1 branch of the dungeon, and saw 2 of its levels.

You collected 44 gold pieces.


Innate Abilities, Weirdness & Mutations

You are immune to sickness and miasma.
Your stone body is resilient. (AC +3)
You are immune to poison.
You resist negative energy. (rN+)
You are resistant to electric shocks. (rElec)
You are resistant to unholy torment.
You are immune to petrification.


   Skills:
 - Level 2.1 Fighting
 + Level 3.7 Ranged Weapons
 - Level 1.5 Dodging
 - Level 1.0 Spellcasting
 - Level 2.6 Hexes


You had 3 spell levels left.
You knew the following spells:

 Your Spells              Type           Power      Damage    Failure   Level
a - Slow                  Hex            28%        N/A       22%         1

Your spell library contained the following spells:

 Spells                   Type           Power      Damage    Failure   Level
 Inner Flame              Hex/Fire       4%         N/A       75%         3
 Portal Projectile        Hex/Tloc       8%         N/A       75%         3
 Cause Fear               Hex            3%         N/A       92%         4

Inventory:

Hand Weapons
 Y - a +1 sling (weapon)
Armour
 h - a +0 ring mail (worn)
Potions
 d - a potion of haste {unknown}
 f - a potion of heal wounds {unknown}

Dungeon Overview and Level Annotations

Branches:
Dungeon (2/15)

Altars:

Shops:
D:2 =


Message History

The jackal bites you but does no damage. x2
You shoot a sling bullet. The sling bullet hits the jackal.
The jackal is severely wounded.
The jackal barely misses you. The jackal bites you.
The jackal closely misses you. The jackal misses you.
The jackal completely misses you. The jackal closely misses you.
You shoot a sling bullet.
The sling bullet barely misses the jackal.
The sling bullet hits the worm but does no damage.
The worm is lightly wounded.
The jackal misses you. The jackal barely misses you. The jackal misses you.
The jackal closely misses you.
The jackal bites you but does no damage.
The jackal closely misses you.
You shoot a sling bullet.
The sling bullet barely misses the jackal.
The sling bullet hits the worm.
The worm is moderately wounded.
The jackal bites you but does no damage. x2
The jackal bites you. The jackal closely misses you.
You shoot a sling bullet. The sling bullet hits the jackal.
You kill the jackal!
The jackal closely misses you. The jackal misses you.
The jackal barely misses you. The jackal completely misses you.
You shoot a sling bullet. The sling bullet hits the worm.
The worm is heavily wounded.
The jackal bites you but does no damage.
The jackal closely misses you. The jackal bites you.
The worm closely misses you. The jackal closely misses you.
You shoot a sling bullet.
The sling bullet hits the worm but does no damage.
The worm is heavily wounded.
The jackal bites you. x2
The jackal bites you but does no damage.
The worm barely misses you. The jackal barely misses you.
You shoot a sling bullet. The sling bullet hits the worm.
The worm is heavily wounded.
The jackal bites you but does no damage. x3
The worm bites you!
You die...

#.##...... #..
#......#.# #.. #.......#
#.. ##.#....#### ###..
#..........### #.#..
.....##.####...#####....
... #.#####.....##....
?#.####.##............[.
......h@#..####...#...#.
......hw#. ##........
........# #.....#.#
......... #....#..#
....).... #.#..#.##
.........# ..##....
..###....# ..####...# ##
#.....


You could see a worm and 2 jackals.

Vanquished Creatures
  A gnoll (D:1)
  An adder (D:2)
  A dart slug (D:1)
  7 bats
  3 endoplasms
  A goblin (D:1)
  4 hobgoblins
  6 jackals
  2 kobolds (D:1)
  A ball python (D:1)
  2 frilled lizards
  5 rats
34 creatures vanquished.

Notes
Turn   | Place    | Note
-------+----------+-------------------------------------------
     0 | D:1      | qw the Gargoyle Hexslinger began the quest for the Orb.
     0 | D:1      | Reached XP level 1. HP: 12/12 MP: 2/2
     0 | D:1      | 0 ||| qw: Version: 0.3-a-52-g30416fa
     0 | D:1      | 0 ||| qw: Game counter: 5024
     0 | D:1      | 0 ||| qw: Melee chars always use a shield: true
     0 | D:1      | 0 ||| qw: God list: Okawaru
     0 | D:1      | 0 ||| qw: Allow faded altars: false
     0 | D:1      | 0 ||| qw: Do Orc after clearing Dungeon:15 true
     0 | D:1      | 0 ||| qw: Do second Lair branch before Depths: true
     0 | D:1      | 0 ||| qw: Lair rune preference: random
     0 | D:1      | 0 ||| qw: Goals: Normal
     0 | D:1      | 0 ||| PLANNING D:1-11
    93 | D:1      | Reached XP level 2. HP: 16/16 MP: 3/3
   200 | D:1      | Reached skill level 3 in Ranged Weapons
   244 | D:1      | Reached XP level 3. HP: 21/21 MP: 4/4
   547 | D:1      | 547 ||| UPGRADING to +0 leather armour.
   557 | D:1      | 557 ||| DROPPING +0 robe.
   558 | D:1      | 558 ||| UPGRADING to +0 ring mail.
   568 | D:1      | 568 ||| DROPPING +0 leather armour.
   569 | D:1      | 569 ||| READING scroll labelled MEKEMYSK IMURGH.
   570 | D:1      | 570 ||| READING scroll labelled SOILLA BADITEU.
   571 | D:1      | 571 ||| DROPPING scroll of poison.
   599 | D:2      | Found Bel Etsu's Jewellery Shoppe.
   631 | D:2      | 631 ||| SHOPLISTING +4 ring of protection (360 gold, have
                  | 26).
   631 | D:2      | 631 ||| SHOPLISTING amulet of regeneration (300 gold, have
                  | 26).
   631 | D:2      | 631 ||| SHOPLISTING ring of positive energy (200 gold, have
                  | 26).
   631 | D:2      | 631 ||| SHOPLISTING ring of protection from fire (250 gold,
                  | have 26).
   631 | D:2      | 631 ||| SHOPLISTING ring of willpower (250 gold, have 26).
   635 | D:2      | Identified the +9 mace "Beapame" {speed, rElec Will+ rCorr
                  | Int-4}
   687 | D:2      | Slain by a worm

Levels and vault maps discovered:
D:1:      dpeg_arrival_tiny_f, layout_rooms
D:2:      layout_rooms, serial_shops, shop, uniq_natasha,
          uniq_crazy_yiuf_cottage

Skill      XL: |  1  2 |
---------------+-------+-----
Ranged Weapons | 3 |  3.7
Fighting       | 2 |  2.1
Dodging        | |  1.5
Spellcasting   | |  1.0
Hexes          | |  2.6

Action                     || total
---------------------------++-------
   Fire: Sling             ||   114
    Use: Scroll            ||     2
 Armour: Robe              ||    12
         Ring mail         ||    32
  Dodge: Dodged            ||    61

Table legend:
 A = Non-vault XP
 B = Vault XP
 C = Vault XP percentage of total XP
 D = Non-vault monster count
 E = Vault monster count
 F = Vault count percentage of total count
                 A         B        C        D         E       F
            +---------+---------+-------+---------+---------+-------
      Total |      80 |       0 |   0.0 |      34 |       0 |   0.0
            +---------+---------+-------+---------+---------+-------
        D:1 |      54 |       0 |   0.0 |      24 |       0 |   0.0
        D:2 |      26 |       0 |   0.0 |      10 |       0 |   0.0
            +---------+---------+-------+---------+---------+-------
